 Dungeon Crawl Stone Soup version 0.28-a0-1524-ge72afd5fc6 (webtiles) character file.

Game seed: 10333498458344490481

3121 murtidash the Cleaver (level 9, -4/74 HPs)
             Began as a Hill Orc Delver on Jan 17, 2022.
             Was an Elder of Okawaru.
             Slain by a yak (10 damage)
             ... on level 8 of the Dungeon.
             The game lasted 00:25:21 (11720 turns).

murtidash the Cleaver (Hill Orc Delver)            Turns: 11720, Time: 00:25:21

Health: -4/74      AC: 12    Str: 25    XL:     9   Next: 91%
Magic:  12/12      EV:  6    Int: 10    God:    Okawaru [****..]
Gold:   328        SH:  9    Dex: 12    Spells: 8/8 levels left

rFire   + . .      SeeInvis .   m - +0 war axe (flame)
rCold   + . .      Faith    +   w - +0 kite shield {rC+ rF+}
rNeg    . . .      Spirit   .   v - +0 plate armour
rPois   .          Reflect  .   (no helmet)
rElec   .          Harm     .   (no cloak)
rCorr   .          Rampage  .   (no gloves)
Will    .....                   (no boots)
Stlth   ..........              k - amulet of faith {Faith, !P}
HPRegen 0.22/turn               t - +6 ring of strength
MPRegen 0.13/turn               i - +4 ring of slaying

@: about to teleport
A: no striking features
a: Renounce Religion, Heroism, Finesse


You were on level 8 of the Dungeon.
You worshipped Okawaru.
Okawaru was greatly pleased with you.
You visited 2 branches of the dungeon, and saw 10 of its levels.

You collected 328 gold pieces.

Inventory:

Hand Weapons
 a - a +0 hand axe
 m - a +0 war axe of flaming (weapon)
   (You took it off a gnoll on level 5 of the Dungeon)
 n - a +0 flail of protection
   (You took it off Edmund on level 5 of the Dungeon)
 p - the +8 whip of Idouziu {drain, *Corrode Str+2 Int+4}
   (You found it on level 6 of the Dungeon)

   A truly terrible weapon, it drains the life of any living foe it strikes.
   Str:       It affects your strength (+2).
   Int:       It affects your intelligence (+4).
   *Corrode:  It may corrode you when you take damage.
 B - a +0 war axe of electrocution
   (You took it off a wight on level 7 of the Dungeon)
 C - a +3 battleaxe of flaming
   (You took it off a wight on level 7 of the Dungeon)
Armour
 v - a +0 plate armour (worn)
   (You found it on level 3 of the Dungeon)
 w - a +0 kite shield of resistance (worn)
   (You took it off a gnoll sergeant on level 5 of the Dungeon)
 z - a +0 scale mail
   (You found it on level 4 of the Dungeon)
Jewellery
 h - a ring of poison resistance {rPois, !d}
   (You found it on level 4 of the Dungeon)
 i - a +4 ring of slaying (right hand)
   (You took it off an orc on level 6 of the Dungeon)
 j - a ring of positive energy {rN+}
   (You found it on level 4 of the Dungeon)
 k - an amulet of faith (around neck) {Faith, !P}
   (You found it on level 4 of the Dungeon)
 t - a +6 ring of strength (left hand)
   (You found it on level 7 of the Dungeon)
 u - a ring of magical power {MP+9}
   (You found it on level 3 of the Dungeon)
 A - a ring of magical power {MP+9}
   (You found it on level 7 of the Dungeon)
 G - a +4 ring of evasion
   (You found it on level 9 of the Dungeon)
Wands
 g - a wand of digging (3)
 D - a wand of paralysis (10)
   (You found it on level 7 of the Dungeon)
Scrolls
 c - a scroll of fog
 d - 2 scrolls of magic mapping {!r}
 l - a scroll of noise {unknown}
 q - 4 scrolls of teleportation
 x - 4 scrolls of brand weapon
 y - a scroll of blinking {unknown}
 E - a scroll of amnesia
Potions
 b - a potion of mutation {unknown}
 f - a potion of cancellation {unknown}
 o - a potion of magic
 r - 2 potions of brilliance
 s - a potion of flight


   Skills:
 - Level 5.0 Fighting
 * Level 14.3 Axes
 - Level 5.0 Armour
 - Level 1.5 Dodging
 - Level 4.1 Stealth
 + Level 4.5 Shields
 + Level 4.0 Invocations


You had 8 spell levels left.
You didn't know any spells.
Your spell library contained the following spells:

 Spells                   Type           Power      Damage    Failure   Level
 Apportation              Tloc           0%         N/A       100%        1
 Passage of Golubria      Tloc           0%         N/A       100%        4
 Alistair's Intoxication  Tmut/Pois      0%         N/A       100%        5
 Yara's Violent Unravell  Hex/Tmut       0%         3d3       100%        5
 Tukima's Dance           Hex            Unusable   N/A       N/A         3

Dungeon Overview and Level Annotations

Branches:
Dungeon (9/15)             Temple (1/1) D:5
   Lair: D:8-11         Orc: D:9-12

Altars:
Dithmenos
Elyvilon
Fedhas
Gozag
Hepliaklqana
Kikubaaqudgha
Makhleb
Nemelex Xobeh
Okawaru
Qazlal
Ru
Sif Muna
Trog
Uskayaw
Vehumet
Wu Jian
Xom
Yredelemnul
Zin
The Shining One

Shops:
D:2 (   D:7 (


Message History

You hear the faint creaking of a portcullis. 3 wights come into view.
You block the steam dragon's attack. x2
The steam dragon breathes steam at you. The ball of steam hits you. You resist.
You hear a shout!
You hear a bellow!
You take 1 damage, and have 73/74 hp.
You block the steam dragon's attack. The steam dragon claws you.
You take 3 damage, and have 70/74 hp.
You slash the yak! You burn the yak. You slash the steam dragon!
You burn the steam dragon. You completely miss the yak.
The steam dragon breathes steam at you. The ball of steam hits you. You resist.
The yak is engulfed in a cloud of scalding steam.
The yak barely misses you. You block the yak's attack.
The wight is engulfed in a cloud of scalding steam.
You hear a shout!
You take 1 damage, and have 69/74 hp.
The yak barely misses you.
The yak is engulfed in a cloud of scalding steam.
An orc sorcerer comes into view.
It is wielding a +0 dagger and wearing a +2 robe of fire resistance.
The orc sorcerer shouts!
The orc priest shouts, "Join the one true god or die!"
The yak gores you but does no damage.
The yak is engulfed in a cloud of scalding steam.
The orc sorcerer points at you and mumbles some strange words.
You suddenly lose the ability to move!
A wight comes into view. It is wielding a +0 scimitar.
The steam dragon breathes steam at you. The ball of steam hits you. You resist.
The orc warrior hits you but does no damage.
The yak gores you but does no damage.
The yak is engulfed in a cloud of scalding steam.
The yak bellows!
The steam dragon bites you but does no damage.
The steam dragon claws you but does no damage.
The orc warrior hits you from afar with a +0 glaive!!
The yak gores you!
The yak bellows!
The steam dragon bites you but does no damage.
The steam dragon claws you.
The orc warrior hits you from afar with a +0 glaive!
The yak gores you.
* * * LOW HITPOINT WARNING * * *
The orc sorcerer gestures at you while chanting.
The bolt of fire hits you! You resist.
* * * LOW HITPOINT WARNING * * *
You can move again.
You take 55 damage, and have 14/74 hp.
MASSIVE DAMAGE!!
As you read the scroll of fear, it crumbles to dust.
You assume a fearsome visage.
The orc sorcerer looks frightened!
The wraith is unaffected.
The yak looks frightened! x4
The wight is unaffected. x4; The orc warrior looks frightened!
The orc priest looks frightened!
The steam dragon looks frightened!
The orc priest begs, "Why can't we all just get along?"
You feel better.
Cornered, the steam dragon turns to fight!
The wight barely misses you.
You regained 7 hp, and now have 21/74 hp.
The yak bellows!
The orc priest mumbles some strange prayers to Beogh against you.
Beogh smites you!
* * * LOW HITPOINT WARNING * * *
The orc priest looks encouraged for a moment.
You take 11 damage, and have 10/74 hp.
As you read the scroll of fear, it crumbles to dust.
You assume a fearsome visage.
The wraith is unaffected.
The yak looks frightened! x2; The wight is unaffected. x4
The orc looks frightened!
The orc priest looks frightened! x2
The steam dragon looks frightened!
The wight hits you but does no damage.
Cornered, the steam dragon turns to fight!
The yak seems to regain its courage.
You block the orc warrior's attack.
There is a stone staircase leading up here.
You block the orc warrior's attack. The wight barely misses you.
You block the yak's attack.
You climb upwards.
There is a stone staircase leading down here.
The yak gores you!
* * * LOW HITPOINT WARNING * * *
You take 11 damage, and have 2/74 hp.
You feel better. The wight hits you with a +0 scimitar.
* * * LOW HITPOINT WARNING * * *
You block the yak's attack.
You regained 3 hp, and now have 5/74 hp.
Okay, then.
Unknown command.
Okay, then.
Unknown command.
Okay, then.
Unknown command.
Unknown command.
Unknown command.
Unknown command.
Unknown command.
Okay, then.
Unknown command.
As you read the scroll of teleportation, it crumbles to dust.
You feel strangely unstable. The wight barely misses you. The yak gores you!
You die...

#....# #....)........
#....# #....)........
#....#####.............
#.........#########'###
#........<()..........#
#.......[.#>...........
#.....>...#............
#....Y....#............
#####....z@<..######.##..##
#......####........####..##
#.....># #........ ....#.
#......# #........ .....#.
#......# #........#.....#.
######## #####....#.....#.
.... #. ... ##


You could see a yak and a wight.

Vanquished Creatures
  Pikel (D:7)
  A kobold demonologist (D:7)
  Maggie (D:8)
  Grum (D:8)
  Edmund (D:5)
  An ice beast (D:5)
  A sky beast (D:6)
  2 wolves (D:8)
  A necrophage (D:4)
  3 ogres
  A phantom (D:5)
  A lemure (D:8)
  A gnoll sergeant (D:5)
  A bullfrog (D:8)
  A wyvern zombie (D:6)
  A water moccasin zombie (D:5)
  2 scorpions (D:5)
  5 wights (D:7)
  A bullfrog zombie (D:6)
  An orc priest (D:4)
  A hound (D:5)
  A gnoll shaman (D:6)
  5 orc wizards
  An iguana (D:3)
  A killer bee zombie (D:7)
  10 gnolls
  3 adders
  A shadow imp (D:7)
  A white imp (D:7)
  An ufetubus (D:6)
  A worm (D:5)
  A dart slug (D:4)
  27 orcs
  13 ball pythons
  5 bats
  8 endoplasms
  5 giant cockroaches
  9 goblins
  5 hobgoblins
  13 jackals
  4 kobolds
  5 quokkas
  3 frilled lizards
  8 rats
160 creatures vanquished.

Vanquished Creatures (others)
  3 orcs (D:5)
3 creatures vanquished.

Grand Total: 163 creatures vanquished

Notes
Turn   | Place    | Note
-------+----------+-------------------------------------------
     0 | D:5      | murtidash the Hill Orc Delver began the quest for the Orb.
     0 | D:5      | Reached XP level 1. HP: 19/19 MP: 1/1
     0 | D:5      | Found a basalt altar of Yredelemnul.
    32 | D:5      | Found a staircase to the Ecumenical Temple.
    41 | Temple   | Entered the Ecumenical Temple
   254 | Temple   | Became a worshipper of Warmaster Okawaru
   293 | D:5      | Noticed a hound
   361 | D:3      | Reached skill level 3 in Axes
   377 | D:3      | Reached XP level 2. HP: 26/27 MP: 2/2
   389 | D:3      | Reached skill level 4 in Fighting
   572 | D:1      | Reached XP level 3. HP: 18/34 MP: 3/3
   582 | D:1      | HP: 5/34 [ball python (3)]
   720 | D:1      | Reached skill level 4 in Axes
  1029 | D:1      | Reached XP level 4. HP: 22/41 MP: 4/4
  1943 | D:2      | Reached skill level 5 in Fighting
  2163 | D:2      | Found Cirut's Antique Weapon Boutique.
  2428 | D:3      | Reached * piety under Okawaru
  2886 | D:3      | Reached skill level 5 in Axes
  2995 | D:3      | Reached skill level 1 in Armour
  3237 | D:3      | Reached XP level 5. HP: 44/48 MP: 5/5
  3321 | D:3      | Found a hide-covered altar of Uskayaw.
  3515 | D:3      | Found a faded altar of an unknown god.
  4232 | D:3      | Reached skill level 6 in Axes
  4598 | D:4      | Noticed a necrophage
  4609 | D:4      | Killed a necrophage
  4610 | D:4      | Reached skill level 2 in Armour
  4610 | D:4      | Reached XP level 6. HP: 52/56 MP: 6/6
  4743 | D:5      | Reached skill level 7 in Axes
  4875 | D:5      | Found a shadowy altar of Dithmenos.
  4941 | D:5      | Reached skill level 3 in Armour
  4975 | D:5      | Reached ** piety under Okawaru
  4976 | D:5      | Reached XP level 7. HP: 43/61 MP: 7/7
  4986 | D:5      | Reached skill level 8 in Axes
  5486 | D:5      | Found a radiant altar of Vehumet.
  5500 | D:5      | Reached skill level 4 in Armour
  5501 | D:5      | HP: 11/61 [poisoned by a scorpion]
  5506 | D:5      | HP: 5/61 [poisoned by a scorpion]
  5807 | D:5      | Noticed Edmund
  5828 | D:5      | Killed Edmund
  5829 | D:5      | Reached skill level 9 in Axes
  6398 | D:4      | Reached XP level 8. HP: 34/68 MP: 8/8
  6812 | D:6      | Reached *** piety under Okawaru
  7369 | D:5      | HP: 9/68 [phantom (7)]
  7373 | D:5      | Reached skill level 10 in Axes
  7373 | D:5      | Reached skill level 5 in Armour
  8685 | D:5      | HP: 11/68 [gnoll sergeant (10)]
  8688 | D:5      | Reached skill level 11 in Axes
  9396 | D:6      | Reached skill level 12 in Axes
  9595 | D:6      | Identified the +8 whip of Idouziu {drain, *Corrode Str+2
                  | Int+4}
  9815 | D:7      | Reached skill level 1 in Shields
  9901 | D:7      | Reached XP level 9. HP: 68/74 MP: 9/9
  9978 | D:7      | Found an ornate altar of the Wu Jian Council.
 10022 | D:7      | Reached **** piety under Okawaru
 10211 | D:7      | Found Xeakhuru's Antique Weapon Shoppe.
 10274 | D:7      | Found a glowing silver altar of Zin.
 10506 | D:7      | Noticed a kobold demonologist
 10515 | D:7      | Killed a kobold demonologist
 10516 | D:7      | Reached skill level 13 in Axes
 10516 | D:7      | Reached skill level 2 in Shields
 10765 | D:8      | Noticed Maggie
 10814 | D:8      | Killed Maggie
 10815 | D:8      | Reached skill level 3 in Shields
 10815 | D:8      | Reached skill level 1 in Invocations
 11007 | D:8      | Found a sacrificial altar of Ru.
 11025 | D:8      | Reached skill level 2 in Invocations
 11266 | D:8      | Noticed Pikel
 11283 | D:8      | Noticed Grum
 11311 | D:7      | Killed Pikel
 11312 | D:7      | Reached skill level 14 in Axes
 11312 | D:7      | Reached skill level 4 in Shields
 11312 | D:7      | Reached skill level 3 in Invocations
 11482 | D:8      | Killed Grum
 11482 | D:8      | Received a gift from Okawaru
 11483 | D:8      | Reached skill level 4 in Invocations
 11639 | D:9      | Found a bloodstained altar of Trog.
 11693 | D:9      | Noticed an orc sorcerer
 11693 | D:9      | Paralysed by an orc sorcerer for 4 turns
 11696 | D:9      | HP: 14/74 [orc sorcerer/bolt of fire (7)]
 11714 | D:8      | HP: 2/74 [yak (12)]
 11720 | D:8      | Slain by a yak

Illustrated notes

Levels and vault maps discovered:
D:1:      dpeg_arrival_simpleton_c, layout_loops_ring, minmay_hexomino_c4
D:2:      layout_loops_ring, serial_shops, nicolae_shop_trees
D:3:      layout_loops_ring, nicolae_uskayaw_suspiria,
          ebering_ecumenical_altar_hall
D:4:      layout_cave_pools
D:5:      layout_gridville, mainiacjoe_overflow_paths,
          grunt_dithmenos_smoke_and_mirrors, fiery_altar_vehumet,
          minmay_temple_entry_sparse_star, uniq_edmund
D:6:      layout_cave_pools
D:7:      layout_gridville, nicolae_wu_jian_immortal_techniques,
          mainiacjoe_overflow_cross_hatched, serial_shops, shop,
          nicolae_figureground_pulse
D:8:      minmay_tri_box, layout_gridville, cheibrodos_worm_habitat,
          mainiacjoe_overflow_tiny_flanked, serial_shops,
          nicolae_shop_waterfront, uniq_joseph, uniq_pikel, uniq_maggie,
          uniq_grum
D:9:      cheibrodos_wizards_tower, layout_small_grid, amcnicky_altar_gilded,
          mainiacjoe_overflow_catwalk, enter_bailey_8, uniq_harold
Temple:   minmay_temple_bridge_abc

Skill      XL: |  1  2  3  4  5  6  7  8  9 |
---------------+----------------------------+-----
Axes           | 3 4 5 6 7 9 12 14 | 14.3
Fighting       | 4 5 |  5.0
Armour         | 1 2 3 4 5 |  5.0
Shields        | 1 4 |  4.5
Invocations    | 4 |  4.0
Dodging        | |  1.5
Stealth        | |  4.1

Action                   |  1- 3 |  4- 6 |  7- 9 || total
-------------------------+-------+-------+-------++-------
Melee: Hand axe          |   118 |   253 |   300 ||   671
       Punch             |     1 |     2 |     5 ||     8
       War axe           |       |       |   105 ||   105
Invok: Heroism           |       |       |     1 ||     1
       Finesse           |       |       |     3 ||     3
Evoke: Wand              |       |    10 |       ||    10
  Use: Scroll            |     3 |     4 |     8 ||    15
       Potion            |     1 |     1 |     8 ||    10
 Stab: Sleeping          |     1 |     5 |       ||     6
Armor: Leather armour    |    49 |    56 |       ||   105
       Scale mail        |       |     8 |    79 ||    87
       Plate armour      |       |       |    40 ||    40
       Skin              |       |       |     1 ||     1
Dodge: Dodged            |    92 |   141 |   119 ||   352
Block: Kite shield       |       |       |    32 ||    32

Table legend: (Time is in decaauts)
 A = Elapsed time spent in this place.
 B = Non-inter-level travel time spent in this place.
 C = Inter-level travel time spent in this place.
 D = Time resting spent in this place.
 E = Time spent auto-exploring this place.
 F = Levels seen in this place.
 G = Mean time per level.
                   A        B        C        D        E       F      G
               +--------+--------+--------+--------+--------+-----+--------+
         Total |  11669 |  11339 |    330 |   1715 |   7563 |  10 | 1166.9 |
       Dungeon |  11419 |  11125 |    294 |   1715 |   7360 |   9 | 1268.8 |
        Temple |    250 |    214 |     36 |      0 |    203 |   1 |  250.0 |
               +--------+--------+--------+--------+--------+-----+--------+

Top non-repeatable levels by time:
     D:5: 3426 daAuts
     D:3: 1626 daAuts
     D:7: 1295 daAuts
     D:1: 1203 daAuts
     D:6: 1172 daAuts
     D:4: 999 daAuts
     D:2: 946 daAuts
     D:8: 620 daAuts
  Temple: 250 daAuts
     D:9: 127 daAuts

Table legend:
 A = Kills in this place as a percentage of kills in entire the game.
 B = Kills by you in this place as a percentage of kills by you in the entire game.
 C = Kills by friends in this place as a percentage of kills by friends in the entire game.
 D = Other kills in this place as a percentage of other kills in the entire game.
 E = Experience gained in this place as a percentage of experience gained in the entire game.
 F = Experience gained in this place divided by the number of levels of this place that you have seen.
                   A       B       C       D       E      F
               +-------+-------+-------+-------+-------+----------------------
         Total | 100.0 | 100.0 |   N/A |   N/A | 100.0 | 445.9
       Dungeon | 100.0 | 100.0 |   N/A |   N/A | 100.0 | 495.4
               +-------+-------+-------+-------+-------+----------------------
